 Dungeon Crawl Stone Soup version 0.31-a0-844-gdc52ec4e09 (webtiles) character file.

Game seed: 894638408354229538

11484 Kurtz the Cleaver (level 11, -3/75 HPs)
             Began as an Octopode Fighter on Sept 29, 2023.
             Was a High Priest of Okawaru.
             Slain by a centaur warrior
             ... wielding the +6 long sword "Siun" {flame, rF++}
              (12 damage)
             ... on level 11 of the Dungeon.
             The game lasted 00:22:06 (13610 turns).

Kurtz the Cleaver (Octopode Fighter)               Turns: 13610, Time: 00:22:06

Health: -3/75      AC:  5    Str: 18    XL:     11   Next: 78%
Magic:  14/14      EV: 18    Int: 10    God:    Okawaru [*****.]
Gold:   754        SH:  6    Dex: 20    Spells: 10/10 levels left

rFire   x . .        s - +3 war axe
rCold   + + .        b - +0 buckler
rNeg    . . .        (helmet restricted)
rPois   .            (no amulet)
rElec   .            i - +4 ring of protection
rCorr   .            K - ring of flight
SInv    .            D - +6 ring of dexterity
Will    .....        N - ring of protection from fire
Stlth   ++++         q - ring of ice
HPRegen 0.32/turn    y - ring of ice
MPRegen 0.14/turn    (no ring)
                     (no ring)

%: no passive effects
@: flying
A: almost no armour, amphibious, 8 rings, camouflage 1, gelatinous body 1,
(nimble swimmer 1), tentacles
a: Renounce Religion, Heroism, Finesse, Duel


You were on level 11 of the Dungeon.
You worshipped Okawaru.
Okawaru was extremely pleased with you.
You visited 2 branches of the dungeon, and saw 12 of its levels.
You also visited: Ossuary.

You collected 847 gold pieces.
You spent 93 gold pieces at shops.

Inventory:

Hand Weapons
 a - a +0 war axe
 r - a +1 heavy flail
 s - a +3 war axe (weapon)
 F - a +4 flail
 H - a +1 antimagic hand axe
Missiles
 n - 15 poisoned darts
 E - 4 boomerangs
 O - 2 silver javelins
Armour
 b - a +0 buckler (worn)
Jewellery
 i - a +4 ring of protection (left tentacle)
 q - a ring of ice (on tentacle)
 y - a ring of ice (on tentacle)
 D - a +6 ring of dexterity (on tentacle)
 K - a ring of flight (right tentacle)
 N - a ring of protection from fire (on tentacle)
Wands
 h - a wand of flame (17)
 C - a wand of paralysis (3)
 I - a wand of polymorph (4)
 L - a wand of iceblast (2)
Scrolls
 e - 4 scrolls of teleportation
 j - 2 scrolls of brand weapon
 k - 4 scrolls of noise
 l - 2 scrolls of poison
 m - 2 scrolls of blinking
 p - a scroll of enchant weapon
 w - a scroll of amnesia
 x - a scroll of enchant armour {unknown}
 B - 2 scrolls of fear
 G - 2 scrolls of immolation
 M - a scroll of fog
Potions
 c - 5 potions of degeneration
 d - 3 potions of enlightenment
 f - a potion of heal wounds
 g - a potion of lignification
 o - 6 potions of curing
 t - a potion of might
 v - 2 potions of mutation {unknown}
 z - 2 potions of brilliance {unknown}
 A - 4 potions of cancellation {unknown}
 J - 2 potions of haste


   Skills:
 - Level 7.2 Fighting
 + Level 14.1 Axes
 * Level 8.3 Dodging
 - Level 5.0 Stealth
 - Level 3.8 Shields
 - Level 4.6 Invocations


You had 10 spell levels left.
You didn't know any spells.
Your spell library contained the following spells:

 Spells                   Type           Power      Damage    Failure   Level
 Inner Flame              Hex/Fire       0%         N/A       82%         3
 Flame Wave               Conj/Fire      0%         2d4       99%         4
 Passage of Golubria      Tloc           0%         N/A       99%         4
 Sticky Flame             Conj/Fire      0%         2d3       99%         4
 Yara's Violent Unravell  Hex/Tmut       0%         3d3       100%        5
 Tukima's Dance           Hex            Unusable   N/A       N/A         3

Dungeon Overview and Level Annotations

Branches:
Dungeon (11/15)            Temple (1/1) D:4            Lair (0/5) D:11
    Orc (0/2) D:11        Ossuary (visited)

Altars:
Ashenzari
Cheibriados
Dithmenos
Elyvilon
Fedhas
Gozag
Kikubaaqudgha
Makhleb
Nemelex Xobeh
Okawaru
Qazlal
Ru
Sif Muna
Trog
Uskayaw
Vehumet
Wu Jian
Xom
Yredelemnul
Zin
The Shining One

Shops:
D:5 :   D:11 *:

Annotations:
D:4 2 transporters
D:5 1 runed translucent door
D:6 exclusion: downstairs
D:7 4 runed translucent doors, Maggie
D:8 exclusion: gargoyle
D:9 Erica
D:10 exclusions: troll and vampire


Innate Abilities, Weirdness & Mutations

You cannot wear most types of armour.
You are amphibious.
You can wear up to eight rings at the same time.
Your skin changes colour to match your surroundings (Stealth+).
Your rubbery body absorbs attacks. (AC +1, EV +1)
((You are camouflaged when in or above water. (Stealth+)))
You have tentacles for arms and can constrict up to eight enemies at once.


Message History

The cyclops is heavily wounded.
You slice the cyclops!! You squeeze the cyclops.
You kill the cyclops!
Okawaru is honoured by your kill.
Things that are here:
4 large rocks; a cyclops corpse You start resting.
Magic restored.
You feel like a meek peon again.
A centaur warrior comes into view.
It is wielding the +6 long sword "Siun" {flame, rF++}.
A centaur warrior is nearby!
A centaur warrior is nearby!
You start resting.
A centaur warrior is nearby!
Throw: throwing net
Press: ? - help, Q - select action, (/) - cycle Shift-Dir - straight line, f - centaur warrior
Aim: a centaur warrior, wielding the +6 long sword "Siun" {flame, rF++} (wandering, hasn't noticed you, 70% to hit)
You throw a throwing net.
The throwing net hits the centaur warrior.
The centaur warrior is caught in the net!
The centaur warrior shouts!
The centaur warrior struggles against the net. x2
The centaur warrior struggles against the net.
You slash the centaur warrior!
The centaur warrior is moderately wounded.
The centaur warrior struggles against the net.
The net rips apart, and the centaur warrior comes free!
The centaur warrior completely misses you.
The centaur warrior barely misses you.
You slice the centaur warrior!!
Your squeeze misses the centaur warrior.
The centaur warrior is heavily wounded.
The centaur warrior hits you with the +6 long sword "Siun" {flame, rF++}!
The centaur warrior burns you! The centaur warrior barely misses you.
You slash the centaur warrior!
The centaur warrior is severely wounded.
The centaur warrior hits you with the +6 long sword "Siun" {flame, rF++}!!
* * * LOW HITPOINT WARNING * * *
The centaur warrior burns you!
You die...

###...#### ##.## #
#.# # #.# # #.#
#.# # ###.#####
#.# # #.....c.#
########.#### ##
#######@#
#...........#
.########### #.#
.#####..##.#
###.......(#####.#
#.## #
.#.............#.#
##.###.##
#....####...##.#.#
#........
#....##........#.#
#..###.##
.................#
#..#
....###........###
#..# .#.##
##....##.#
#.####..###.#


You could see a centaur warrior.

Vanquished Creatures
  Josephine (D:11)
  Fannar (D:10)
  2 cyclopes (D:11)
  Joseph (D:7)
  A gargoyle (D:7)
  A kobold demonologist (D:9)
  2 ice devils (D:11)
  2 trolls
  Prince Ribbit (D:7)
  A shadow (D:11)
  9 yaks (D:10)
  8 wraiths
  A vampire mosquito (D:5)
  An acid dragon (D:11)
  A water moccasin (D:5)
  Duvessa (D:7)
  4 ice beasts
  A black bear (D:5)
  2 sky beasts (D:7)
  4 centaurs
  3 phantoms
  4 bullfrogs
  2 kobold brigands
  9 scorpions (D:5)
  A gnoll sergeant (D:7)
  8 wights (D:8)
  Dowan (D:7)
  9 killer bees
  3 vampire bats (D:5)
  2 howler monkeys (D:7)
  5 jellies
  8 orc priests
  4 hounds
  4 iguanas
  7 orc wizards
  A sleepcap (D:6)
  8 mummies (Ossuary)
  4 gnolls (D:3)
  12 adders
  3 white imps
  2 ufetubi (D:5)
  7 worms
  2 dart slugs
  40 orcs
  3 bat skeletons (D:5)
  3 bat zombies (D:5)
  6 endoplasms
  4 giant cockroaches
  4 goblins
  10 hobgoblins
  3 quokkas
  8 ball pythons
  7 bats
  3 frilled lizards
  A gnoll zombie (Ossuary)
  2 hobgoblin zombies (Ossuary)
  15 kobolds
  A kobold zombie (Ossuary)
  4 orc zombies (Ossuary)
  3 rats
  2 butterflies (D:5)
273 creatures vanquished.

Vanquished Creatures (others)
  An acid dragon (D:11)
1 creature vanquished.

Grand Total: 274 creatures vanquished

Notes
Turn   | Place    | Note
-------+----------+-------------------------------------------
     0 | D:1      | Kurtz the Octopode Fighter began the quest for the Orb.
     0 | D:1      | Reached XP level 1. HP: 16/16 MP: 1/1
   382 | D:1      | Reached XP level 2. HP: 21/21 MP: 2/2
   442 | D:1      | Reached skill level 3 in Axes
   880 | D:2      | Reached XP level 3. HP: 26/26 MP: 3/3
   953 | D:2      | Found an ornate altar of the Wu Jian Council.
   996 | D:2      | Reached skill level 4 in Axes
  1025 | D:2      | Reached XP level 4. HP: 30/31 MP: 4/4
  1526 | D:3      | Reached skill level 5 in Axes
  1526 | D:3      | Reached XP level 5. HP: 25/36 MP: 5/5
  1878 | D:3      | Reached skill level 6 in Axes
  1878 | D:3      | Reached XP level 6. HP: 26/42 MP: 6/6
  2221 | D:3      | Found an ornate altar of the Wu Jian Council.
  2266 | D:3      | Found a glowing silver altar of Zin.
  2549 | D:4      | Found a sand-covered staircase.
  2557 | Ossuary  | Entered an ossuary
  3034 | D:4      | Found a transporter.
  3037 | D:4      | Identified the +0 scale mail of the Thunderstorm {Harm rC+}
  3068 | D:4      | Reached skill level 7 in Axes
  3068 | D:4      | Reached XP level 7. HP: 36/46 MP: 7/7
  3163 | D:4      | Found a staircase to the Ecumenical Temple.
  3176 | Temple   | Entered the Ecumenical Temple
  3189 | Temple   | Became a worshipper of Warmaster Okawaru
  3346 | D:4      | Found a transporter.
  3542 | D:5      | Entered Level 5 of the Dungeon
  3681 | D:5      | Reached skill level 1 in Invocations
  3728 | D:5      | Reached skill level 8 in Axes
  3893 | D:5      | Reached * piety under Okawaru
  3898 | D:5      | Reached XP level 8. HP: 52/54 MP: 9/9
  4128 | D:5      | Found Ydemykki's Self-Published Books.
  4221 | D:5      | Found an ancient bone altar of Kikubaaqudgha.
  4228 | D:5      | Reached skill level 9 in Axes
  4341 | D:5      | Found a runed translucent door.
  4343 | D:5      | Found a runed translucent door.
  4757 | D:6      | Found a shimmering blue altar of Sif Muna.
  4919 | D:6      | Reached skill level 5 in Fighting
  5078 | D:6      | Reached ** piety under Okawaru
  5381 | D:7      | Found a large runed translucent door.
  5381 | D:7      | Found a large runed translucent door.
  5389 | D:7      | Reached skill level 10 in Axes
  5403 | D:7      | Noticed Dowan
  5530 | D:7      | Noticed Duvessa
  5538 | D:7      | Killed Duvessa
  5539 | D:7      | Reached XP level 9. HP: 61/61 MP: 8/11
  5552 | D:7      | Killed Dowan
  5596 | D:7      | Found a large runed translucent door.
  5596 | D:7      | Found a large runed translucent door.
  5616 | D:7      | Noticed a gargoyle
  5628 | D:7      | Killed a gargoyle
  5638 | D:7      | Reached skill level 11 in Axes
  5774 | D:7      | Found a snail-covered altar of Cheibriados.
  5800 | D:7      | Noticed Joseph
  5811 | D:7      | Killed Joseph
  6054 | D:7      | Reached *** piety under Okawaru
  6169 | D:7      | Noticed Prince Ribbit
  6175 | D:7      | Killed Prince Ribbit
  6257 | D:7      | Noticed Maggie
  6330 | D:7      | Found a broken altar of Ashenzari.
  6569 | D:7      | Reached XP level 10. HP: 68/69 MP: 11/13
  6667 | D:7      | Reached skill level 1 in Stealth
  6704 | D:7      | Reached skill level 12 in Axes
  7640 | D:8      | Noticed a gargoyle
  7870 | D:8      | Found a shadowy altar of Dithmenos.
  7996 | D:8      | Found a basalt altar of Yredelemnul.
  8776 | D:8      | Found a faded altar of an unknown god.
  8822 | D:9      | Noticed a kobold demonologist
  8824 | D:9      | Noticed a smoke demon
  9040 | D:9      | Reached **** piety under Okawaru
  9060 | D:9      | Killed a kobold demonologist
  9288 | D:9      | Noticed Erica
  9324 | D:9      | Reached skill level 5 in Stealth
 10425 | D:10     | Entered Level 10 of the Dungeon
 10709 | D:5      | Reached skill level 5 in Dodging
 10729 | D:5      | Reached XP level 11. HP: 48/75 MP: 4/14
 11243 | D:10     | Reached skill level 13 in Axes
 11254 | D:10     | Reached ***** piety under Okawaru
 11409 | D:10     | Noticed Fannar
 11444 | D:10     | Killed Fannar
 11663 | D:10     | Found a white marble altar of Elyvilon.
 12377 | D:11     | Found Magauc's General Store.
 12385 | D:11     | Bought a wand of paralysis (3) for 93 gold pieces
 12396 | D:11     | Noticed Josephine
 12467 | D:11     | Found a staircase to the Orcish Mines.
 12539 | D:11     | Found Meuloi's Tremendous Tomes.
 12813 | D:11     | Killed Josephine
 12942 | D:11     | Found a staircase to the Lair.
 12991 | D:11     | Found a frozen archway.
 13176 | D:11     | Noticed a cyclops
 13185 | D:11     | Killed a cyclops
 13185 | D:11     | Received a gift from Okawaru
 13186 | D:11     | Reached skill level 14 in Axes
 13532 | D:11     | Noticed a cyclops
 13540 | D:11     | Killed a cyclops
 13589 | D:11     | Identified the +6 long sword "Siun" {flame, rF++}
 13589 | D:11     | Noticed a centaur warrior
 13610 | D:11     | Slain by a centaur warrior

Illustrated notes

Levels and vault maps discovered:
D:1:      nicolae_arrival_washed_ashore, layout_basic
D:2:      layout_rooms, basic_altar, nicolae_eternal_life,
          minmay_misc_feat_four_crosses
D:3:      layout_basic, mainiacjoe_overflow_brackets,
          nicolae_wu_jian_glorious_leap
D:4:      layout_rooms, minmay_temple_entry_overgrown,
          gammafunk_ghost_gnarly_gnolls, enter_ossuary_1
D:5:      lemuel_insect_pit, layout_cave_pools, kennysheep_vampire_church,
          nicolae_custom_books, minmay_fractal_squares_5
D:6:      layout_rooms, amcnicky_altar_gilded
D:7:      layout_basic, slow_altar_1, mainiacjoe_overflow_catwalk,
          hangedman_abyss_or_decor_stagger, minmay_misc_feat_rugged,
          hangedman_decor_diamond_cutter, minmay_hollow_rounded_squares,
          uniq_maggie, uniq_prince_ribbit1, uniq_joseph, uniq_duvessa
D:8:      layout_rooms, lemuel_coloured_pillars_altar,
          beargit_hepliaklqana_dungeon_heroes, mainiacjoe_overflow_boulevard
D:9:      layout_irregular_city, uniq_erica
D:10:     layout_cave_pools, nicolae_elyvilon_peaceful_grove, serial_shops,
          nicolae_shop_hallway_stairs, uniq_fannar
D:11:     minmay_chambers_of_sevens, layout_loops_ring, orc_0_dummy,
          serial_shops, nicolae_shop_peninsula, portal_ice_cave_demonic_guard,
          nicolae_shop_i_like_big_books, chequers_serial_rivers_micro_d,
          uniq_josephine
Temple:   nicolae_temple_hex_pool

Skill      XL: |  1  2  3  4  5  6  7  8  9 10 11 |
---------------+----------------------------------+-----
Axes           | 3 4 5 6 7 8 10 11 12 14 | 14.1
Fighting       | 4 5 6 7 |  7.2
Invocations    | 1 2 4 |  4.6
Stealth        | 5 |  5.0
Dodging        | 5 8 |  8.3
Shields        | |  3.8

Action                     |  1- 3 |  4- 6 |  7- 9 | 10-12 || total
---------------------------+-------+-------+-------+-------++-------
  Melee: War axe           |    56 |   129 |   225 |   148 ||   558
         Constrict         |    12 |    36 |    49 |    35 ||   132
         Tentacles         |     4 |    25 |    60 |    93 ||   182
         Punch             |     1 |     1 |     2 |     6 ||    10
         Flail             |       |     5 |       |   112 ||   117
         Hand axe          |       |       |       |   110 ||   110
  Throw: Dart              |       |       |    14 |    14 ||    28
         Throwing net      |       |       |       |     1 ||     1
 Invoke: Heroism           |       |       |     3 |     7 ||    10
  Evoke: Wand              |       |       |     6 |    15 ||    21
    Use: Potion            |       |     1 |     2 |     5 ||     8
         Scroll            |       |       |       |    17 ||    17
   Stab: Sleeping          |     6 |     6 |     4 |     9 ||    25
         Paralysed         |       |       |     8 |     5 ||    13
 Armour: Skin              |    23 |    55 |    91 |   201 ||   370
  Dodge: Dodged            |    37 |    54 |   128 |   145 ||   364
  Block: Buckler           |    16 |    17 |    42 |    91 ||   166

Table legend: (Time is in decaauts)
 A = Elapsed time spent in this place.
 B = Non-inter-level travel time spent in this place.
 C = Inter-level travel time spent in this place.
 D = Time resting spent in this place.
 E = Time spent auto-exploring this place.
 F = Levels seen in this place.
 G = Mean time per level.
                   A        B        C        D        E       F      G
               +--------+--------+--------+--------+--------+-----+--------+
         Total |  13701 |  12612 |   1089 |   3250 |   6500 |  13 | 1053.9 |
       Dungeon |  13213 |  12149 |   1064 |   3250 |   6290 |  11 | 1201.2 |
        Temple |     26 |      1 |     25 |      0 |      0 |   1 |   26.0 |
       Ossuary |    461 |    461 |      0 |      0 |    210 |   1 |  461.0 |
               +--------+--------+--------+--------+--------+-----+--------+

Top non-repeatable levels by time:
     D:9: 1874 daAuts
     D:7: 1777 daAuts
     D:5: 1515 daAuts
    D:11: 1343 daAuts
     D:8: 1262 daAuts
     D:3: 1202 daAuts
    D:10: 1126 daAuts
     D:1: 884 daAuts
     D:6: 851 daAuts
     D:2: 687 daAuts
     D:4: 687 daAuts
 Ossuary: 461 daAuts
  Temple: 26 daAuts
